 Dungeon Crawl Stone Soup version 0.30-a0-297-g0ec75d9ef4 (webtiles) character file.

Game seed: 17283467238217079223

43 Ashen the Conjurer (level 3, 0/15 (28) HPs)
             Began as a Demonspawn Reaver on Oct 19, 2022.
             Slain by a hobgoblin (3 damage)
             ... led by Robin
             ... on level 2 of the Dungeon.
             The game lasted 00:03:47 (1200 turns).

Ashen the Conjurer (Demonspawn Reaver)              Turns: 1200, Time: 00:03:48

HP:   0/15 (28)     AC:  5    Str: 12    XL:     3   Next: 37%
MP:   2/6           EV: 11    Int: 16    God:
Gold: 74            SH:  0    Dex: 11    Spells: 0/6 levels left

rFire   . . .      SeeInvis .    a - +0 falchion
rCold   . . .      Faith    .    (no shield)
rNeg    . . .      Spirit   .    b - +0 leather armour
rPois   .          Reflect  .    (no helmet)
rElec   .          Harm     .    (no cloak)
rCorr   .          Rampage  .    (no gloves)
Will    .....                    (no boots)
Stlth   +.........               (no amulet)
HPRegen 0.22/turn                (no ring)
MPRegen 0.10/turn                (no ring)

@: very slightly contaminated, very heavily drained
A: sharp scales 2
a: no special abilities


You were on level 2 of the Dungeon.
You visited 1 branch of the dungeon, and saw 2 of its levels.

You collected 74 gold pieces.

Inventory:

Hand Weapons
 a - a +0 falchion (weapon)
Armour
 b - a +0 leather armour (worn)
Scrolls
 d - a scroll of magic mapping {unknown}
 f - a scroll of identify {unknown}
 i - a scroll of vulnerability {unknown}
 j - a scroll of silence {unknown}
 k - a scroll of torment {unknown}
 m - a scroll of enchant armour {unknown}
 n - 3 scrolls of teleportation {unknown}
 p - a scroll of amnesia {unknown}
Potions
 c - 2 potions of attraction {unknown}
 e - a potion of ambrosia {unknown}
 g - a potion of might {unknown}
 h - a potion of mutation {unknown}
 l - a potion of haste {unknown}
 o - a potion of brilliance {unknown}


   Skills:
 + Level 2.4 Fighting
 + Level 3.0 Long Blades
 + Level 2.2 Dodging
 + Level 2.3 Spellcasting
 + Level 3.3 Conjurations


You couldn't memorise any spells.
You knew the following spells:

 Your Spells              Type           Power      Damage    Failure   Level
a - Kiss of Death         Conj/Necr      28%        2d7       13%         1
b - Momentum Strike       Conj/Tloc      14%        3d8       19%         2
c - Hailstorm             Conj/Ice       7%         3d4       36%         3

Your spell library contained the following spells:

 Spells                   Type           Power      Damage    Failure   Level


Dungeon Overview and Level Annotations

Branches:
Dungeon (2/15)

Altars:

Annotations:
D:2 Robin


Innate Abilities, Weirdness & Mutations

You are mostly covered in razor-sharp scales. (AC +2, Slay +2)


Message History

The goblin shouts!
You hear a shout!
The goblin unwields a +0 club.
The goblin wields a +0 sling.
The goblin shoots a sling bullet.
The sling bullet completely misses you.
You cannot move.
You cannot move.
A hobgoblin comes into view.
A hobgoblin comes into view.
Robin drinks a potion.
Robin flickers and vanishes!
Deactivating autopickup; reactivate with Ctrl-A.
The goblin shoots a sling bullet.
The sling bullet barely misses you.
You hear a shout! x2
Something throws the goblin at you! The goblin hits you with a dagger.
The goblin unwields a +0 dagger.
The goblin wields a +0 sling.
The goblin shoots a sling bullet.
The sling bullet barely misses you.
A goblin comes into view. It is wielding a +0 club.
You hear an angry hiss.
Casting: Momentum Strike (safe; 19% risk of failure)
Confirm with . or Enter, or press ? or * to list all spells.
You cannot redirect your momentum while unable to move.
Unknown command.
You hit the goblin but do no damage.
You are no longer robbed of momentum.
The goblin hits you but does no damage. The hobgoblin hits you.
You hit the goblin.
The goblin is severely wounded.
The hobgoblin misses you. The goblin hits you with a +0 dagger.
A goblin comes into view. It is wielding a +0 dagger.
You closely miss the goblin.
The goblin is severely wounded.
The goblin barely misses you. The hobgoblin hits you.
* * * LOW HITPOINT WARNING * * *
Casting: Momentum Strike (safe; 19% risk of failure)
Confirm with . or Enter, or press ? or * to list all spells.
Aiming: Momentum Strike (safe; 19% risk of failure)
Press: ? - help, Dir - move target, f - goblin
Aim: a goblin, wielding a +0 dagger (severely wounded, strong, 60% to hit)
You miscast Momentum Strike.
You are very lightly contaminated with residual magic.
Nothing appears to happen.
The hobgoblin hits you.
You die...

##.....# # #...<..# #
..##..# # ..##..# #
#.##..# # #
#.##..####### ####.
#.#.#........
.g.ggg######..###.#..#.#
#gg@g?...## ##...#.#
########..# #.#.)#.#
#...#.##..#..
##.#.###..###
........... .......#####
##.####.# #.# #.#####
#.##...


You could see 3 hobgoblins and 4 goblins.

Vanquished Creatures
  Terence (D:2)
  3 dart slugs (D:1)
  A ball python (D:1)
  2 endoplasms (D:1)
  4 giant cockroaches
  4 goblins (D:1)
  A hobgoblin (D:1)
  2 quokkas (D:1)
  5 bats (D:1)
  2 kobolds (D:1)
  3 rats (D:1)
28 creatures vanquished.

Vanquished Creatures (others)
  3 goblins (D:2)
3 creatures vanquished.

Grand Total: 31 creatures vanquished

Notes
Turn   | Place    | Note
-------+----------+-------------------------------------------
     0 | D:1      | Ashen the Demonspawn Reaver began the quest for the Orb.
     0 | D:1      | Reached XP level 1. HP: 16/16 MP: 3/3
   215 | D:1      | Gained mutation: You are partially covered in razor-sharp
                  | scales. (AC +1, Slay +1) [demonic ancestry]
   215 | D:1      | Reached XP level 2. HP: 18/20 MP: 5/5
   623 | D:1      | Gained mutation: You are mostly covered in razor-sharp
                  | scales. (AC +2, Slay +2) [demonic ancestry]
   623 | D:1      | Reached XP level 3. HP: 16/16 MP: 6/6
   717 | D:1      | Learned a level 2 spell: Momentum Strike
   721 | D:1      | Learned a level 3 spell: Hailstorm
  1105 | D:2      | Noticed Terence
  1107 | D:2      | Killed Terence
  1192 | D:2      | Noticed Robin
  1200 | D:2      | Slain by a hobgoblin

Illustrated notes

Levels and vault maps discovered:
D:1:      denvon_arrival_waterhouse, layout_loops_corners
D:2:      layout_loops_ring, hangedman_decor_clover_reticule, feat_on_display,
          uniq_robin, uniq_terence

Skill      XL: |  1  2  3 |
---------------+----------+-----
Dodging        | 2 |  2.2
Long Blades    | 3 |  3.0
Fighting       | |  2.4
Spellcasting   | |  2.3
Conjurations   | |  3.3

Action                   || total
-------------------------++-------
Melee: Falchion          ||    61
 Cast: Kiss of Death     ||     7
       Momentum Strike   ||     4
Armor: Leather armour    ||    21
Dodge: Dodged            ||    48

Table legend: (Time is in decaauts)
 A = Elapsed time spent in this place.
 B = Non-inter-level travel time spent in this place.
 C = Inter-level travel time spent in this place.
 D = Time resting spent in this place.
 E = Time spent auto-exploring this place.
 F = Levels seen in this place.
 G = Mean time per level.
                   A        B        C        D        E       F      G
               +--------+--------+--------+--------+--------+-----+--------+
         Total |   1211 |   1154 |     57 |      0 |    924 |   2 |  605.5 |
       Dungeon |   1211 |   1154 |     57 |      0 |    924 |   2 |  605.5 |
               +--------+--------+--------+--------+--------+-----+--------+

Top non-repeatable levels by time:
     D:1: 981 daAuts
     D:2: 230 daAuts
